Match 28577518
Unlisted

Match 28577518
End
Construct Barracks
Riflemen Squad
Riflemen Squad
Riflemen Squad
Infantry Support Center
Grenade Package
Riflemen Squad
Selects Advanced Infantry Battlegroup
Selects Convert to Ranger Squad
Advanced Logistics
Convert to Ranger Squad
Construct Motor Pool
Convert to Ranger Squad
Survival Training
M1 Anti-tank Gun Team
Construct Weapon Support Center
Selects Frontline Medical Station
Selects Infantry Assault
Improved M9 Bazooka Rockets
Munitions Surplus
Frontline Medical Station
Construct Tank Depot
Infantry Assault
Convert to Ranger Squad
Selects Artillery Observers
Selects M2A1 105mm Howitzer Emplacement
Ranger Squad
Selects 155mm Rapid Artillery Barrage
Infantry Assault
M18 Hellcat Tank Destroyer
ZergGeneral
청국장맛양말
TidaL
min jong park
LBKP ash from timeless
xingxing ★
紫電青霜
Gaza Municipal Council
0
0

Comments sign in to comment!

No comments posted yet!